 Dungeon Crawl Stone Soup version 0.30-a0-170-g85af917532 (webtiles) character file.

Game seed: 3115115694207823946

10484 qw the Cleaver (level 11, -6/69 HPs)
             Began as a Gargoyle Fighter on Sept 30, 2022.
             Was a High Priest of Okawaru.
             Mangled by a six-headed hydra (7 damage)
             ... on level 9 of the Dungeon.
             The game lasted 00:05:08 (9576 turns).

qw the Cleaver (Gargoyle Fighter)                   Turns: 9576, Time: 00:05:09

Health: -6/69      AC: 21    Str: 30    XL:     11   Next: 62%
Magic:  11/18      EV: 12    Int:  9    God:    Okawaru [*****.]
Gold:   123        SH:  7    Dex: 15    Spells: 10/10 levels left

rFire   . . .      SeeInvis .    w - +0 morningstar
rCold   . . .      Faith    .    c - +0 buckler
rNeg    + . .      Spirit   .    q - +0 chain mail
rPois   inf        Reflect  .    (no helmet)
rElec   +          Harm     .    (no cloak)
rCorr   .          Rampage  .    (no gloves)
Will    .....                    n - +0 pair of boots
Stlth   ..........               (no amulet)
HPRegen 0.21/turn                g - +6 ring of strength
MPRegen 0.16/turn                k - +6 ring of dexterity

@: about to teleport, heroic, finesse-ful
A: sickness immunity, AC +8, negative energy resistance 1, electricity
resistance, torment resistance 1, petrification resistance
a: Renounce Religion, Heroism, Finesse, Duel


You were on level 9 of the Dungeon.
You worshipped Okawaru.
Okawaru was extremely pleased with you.
You visited 1 branch of the dungeon, and saw 9 of its levels.

You collected 459 gold pieces.
You spent 336 gold pieces at shops.


Innate Abilities, Weirdness & Mutations

You are immune to sickness and miasma.
Your stone body is resilient. (AC +8)
You are immune to poison.
You resist negative energy. (rN+)
You are resistant to electric shocks. (rElec)
You are resistant to unholy torment.
You are immune to petrification.


   Skills:
 + Level 8.9(13.9) Fighting
 - Level 11.0(16.0) Axes
 - Level 1.1(6.1) Throwing
 - Level 5.0(10.0) Armour
 - Level 3.0(8.0) Dodging
 - Level 5.6(10.6) Shields
 - Level 10.0 Invocations


You had 10 spell levels left.
You didn't know any spells.
Your spell library was empty.

Inventory:

Hand Weapons
 w - a +0 morningstar (weapon)
 Y - a +3 war axe
Missiles
 m - 2 boomerangs (quivered)
Armour
 a - a +0 plate armour
 c - a +0 buckler (worn)
 n - a +0 pair of boots (worn)
 q - a +0 chain mail (worn)
 u - the +1 chain mail of Keaviq {Rampage rF- Str+2}
   (Okawaru gifted it to you on level 8 of the Dungeon)

   Str:       It affects your strength (+2).
   rF:        It makes you vulnerable to fire.
   Rampage:   It bestows one free step when moving towards enemies.
 x - a +2 tower shield
Jewellery
 g - a +6 ring of strength (left hand)
 k - a +6 ring of dexterity (right hand)
 o - a ring of resist corrosion
 y - an amulet of guardian spirit
Scrolls
 l - 2 scrolls of identify
 s - a scroll of acquirement {unknown}
 v - a scroll of teleportation
Potions
 b - 3 potions of curing
 d - 4 potions of might
 e - a potion of magic
 f - 3 potions of attraction
 h - 2 potions of mutation
 i - a potion of haste
 j - a potion of flight {unknown}
 p - a potion of cancellation {unknown}
 r - a potion of resistance {unknown}
 t - a potion of lignification {unknown}

Dungeon Overview and Level Annotations

Branches:
Dungeon (9/15)             Temple (0/1) D:6
   Lair: D:8-11         Orc: D:9-12

Altars:
Dithmenos
Makhleb
Nemelex Xobeh
Okawaru
Qazlal
Trog
Uskayaw
Wu Jian
Yredelemnul
Zin

Shops:
D:3 =   D:9 !

Annotations:
D:3 1 runed translucent door, Crazy Yiuf


Message History

The six-headed hydra bites you but does no damage. x2
You block the six-headed hydra's attack.
You sock the six-headed hydra!
The six-headed hydra is lightly wounded.
The six-headed hydra bites you but does no damage.
The six-headed hydra bites you.
The six-headed hydra bites you but does no damage.
The six-headed hydra bites you. The six-headed hydra bites you!
You block the six-headed hydra's attack.
You puncture the six-headed hydra!
The six-headed hydra is moderately wounded.
You hit the six-headed hydra.
The six-headed hydra is moderately wounded.
The six-headed hydra bites you but does no damage.
The six-headed hydra closely misses you.
The six-headed hydra bites you. The six-headed hydra bites you!
You block the six-headed hydra's attack.
The six-headed hydra bites you but does no damage.
9573 ||| READING 2 scrolls of teleportation.
As you read the scroll of teleportation, it crumbles to dust.
You feel strangely unstable.
You feel like a meek peon again.
The six-headed hydra bites you but does no damage. x2
The six-headed hydra bites you.
You block the six-headed hydra's attack. x2
The six-headed hydra barely misses you.
9574 ||| INVOKING Heroism.
You gain the combat prowess of a mighty hero.
The six-headed hydra closely misses you.
The six-headed hydra bites you but does no damage.
The six-headed hydra misses you.
You block the six-headed hydra's attack.
The six-headed hydra bites you but does no damage.
The six-headed hydra closely misses you.
You impale the six-headed hydra!!
The six-headed hydra is heavily wounded.
You impale the six-headed hydra!!
The six-headed hydra is almost dead.
The six-headed hydra bites you!
You die...

##...##..####
#..<........#
##...........#
##.8.\.8......#
...#..........#
####.>........# #
#..........#
#########.##..######
.#.........#....@..#
.#.###.........##D.#
.#.# ####...####[#.#
...## ##### cl##.#
#...# .9T.#..# ##..#
...#g #..# #..## ##
o.##..# ##..# #.
#..## #..# #. #..#


You could see a six-headed hydra.

Vanquished Creatures
  A centaur warrior (D:8)
  2 two-headed ogres (D:8)
  An ugly thing (D:8)
  A cyclops (D:9)
  A manticore (D:9)
  A gargoyle (D:9)
  A troll (D:9)
  A hornet (D:7)
  Prince Ribbit (D:6)
  3 wyverns
  18 yaks
  A steam dragon (D:9)
  4 water moccasins
  4 orc warriors (D:9)
  2 ice beasts
  2 sky beasts (D:8)
  2 black bears
  An ogre (D:5)
  3 centaurs
  2 kobold brigands
  2 bullfrogs
  A gnoll sergeant (D:8)
  A necrophage (D:5)
  8 wights
  3 scorpions
  7 killer bees
  2 howler monkeys
  3 hounds
  A jelly (D:7)
  2 orc priests
  A gnoll bouda (D:9)
  3 iguanas
  2 orc wizards
  3 gnolls (D:5)
  10 adders
  A white imp (D:6)
  2 ufetubi (D:5)
  23 orcs
  3 ball pythons
  6 endoplasms
  3 giant cockroaches
  4 goblins
  15 hobgoblins
  6 jackals (D:1)
  10 kobolds
  8 quokkas
  7 bats
  2 frilled lizards (D:2)
  4 rats
195 creatures vanquished.

Vanquished Creatures (others)
  A plant (D:1)
1 creature vanquished.

Grand Total: 196 creatures vanquished

Notes
Turn   | Place    | Note
-------+----------+-------------------------------------------
     0 | D:1      | qw the Gargoyle Fighter began the quest for the Orb.
     0 | D:1      | Reached XP level 1. HP: 14/14 MP: 1/1
     0 | D:1      | 0 ||| qw: Version: 0.2-a-12-gaebbb33
     0 | D:1      | 0 ||| qw: Game counter: 1649
     0 | D:1      | 0 ||| qw: Always use a shield: true
     0 | D:1      | 0 ||| qw: God list: Okawaru
     0 | D:1      | 0 ||| qw: Allow faded altars: false
     0 | D:1      | 0 ||| qw: Do Orc after D:15 true
     0 | D:1      | 0 ||| qw: Do second Lair branch before Depths: true
     0 | D:1      | 0 ||| qw: Lair rune preference: random
     0 | D:1      | 0 ||| qw: Plans: Normal, Zot:1-4, God:TSO, Crypt, Tomb,
                  | Pan, Slime:5, Hells, Abyss, Orb
     0 | D:1      | 0 ||| PLANNING D:1-11
    52 | D:1      | Reached skill level 2 in Axes
    99 | D:1      | 99 ||| Stepping ~*~*~tactically~*~*~ (stealth).
   134 | D:1      | 134 ||| Stepping ~*~*~tactically~*~*~ (stealth).
   135 | D:1      | 135 ||| Stepping ~*~*~tactically~*~*~ (stealth).
   137 | D:1      | 137 ||| Stepping ~*~*~tactically~*~*~ (stealth).
   139 | D:1      | 139 ||| Stepping ~*~*~tactically~*~*~ (stealth).
   140 | D:1      | 140 ||| Stepping ~*~*~tactically~*~*~ (stealth).
   154 | D:1      | Reached XP level 2. HP: 14/19 MP: 2/2
   519 | D:1      | Reached skill level 3 in Axes
   612 | D:1      | Reached XP level 3. HP: 23/23 MP: 3/3
   753 | D:1      | 753 ||| DROPPING +0 club.
   858 | D:1      | Found a faded altar of an unknown god.
  1198 | D:1      | 1198 ||| UPGRADING to +6 ring of strength.
  1199 | D:1      | 1199 ||| READING scroll labelled KIOCAA ZEOD.
  1208 | D:2      | Found a shadowy altar of Dithmenos.
  1247 | D:2      | 1247 ||| Stepping ~*~*~tactically~*~*~ (stealth).
  1253 | D:2      | 1253 ||| Stepping ~*~*~tactically~*~*~ (stealth).
  1393 | D:2      | 1393 ||| Stepping ~*~*~tactically~*~*~ (stealth).
  1465 | D:2      | Reached XP level 4. HP: 28/28 MP: 4/4
  1649 | D:2      | 1649 ||| Stepping ~*~*~tactically~*~*~ (stealth).
  1779 | D:2      | Reached skill level 4 in Axes
  1828 | D:2      | 1828 ||| DROPPING ring of wizardry.
  1829 | D:2      | 1829 ||| READING scroll labelled ZUCAJE DYOFOCK.
  1830 | D:2      | 1830 ||| READING scroll labelled VOIH KIVUBE.
  1884 | D:3      | Found Xuclucus's Jewellery Boutique.
  1893 | D:3      | 1893 ||| SHOPLISTING +4 ring of protection (432 gold, have
                  | 123).
  1893 | D:3      | 1893 ||| SHOPLISTING +6 ring of dexterity (432 gold, have
                  | 123).
  1893 | D:3      | 1893 ||| SHOPLISTING amulet of the Devil's Team {Acrobat
                  | rF+ rC+} (612 gold, have 123).
  1893 | D:3      | 1893 ||| SHOPLISTING ring "Gaedalan" {Str+6 Int+2} (566
                  | gold, have 123).
  1893 | D:3      | 1893 ||| SHOPLISTING ring of Pride {*Corrode Will+ Int+4
                  | Dex+6} (616 gold, have 123).
  1893 | D:3      | 1893 ||| SHOPLISTING ring of fire (300 gold, have 123).
  1893 | D:3      | 1893 ||| SHOPLISTING ring of protection from cold (300
                  | gold, have 123).
  1934 | D:3      | 1934 ||| DROPPING +0 whip.
  2236 | D:3      | Found a runed translucent door.
  2237 | D:3      | Noticed Crazy Yiuf
  2608 | D:3      | 2608 ||| UPGRADING to +6 ring of dexterity.
  2609 | D:3      | 2609 ||| READING scroll labelled DIKHLO WOKHLUT.
  2610 | D:3      | 2610 ||| READING scroll labelled PIKOGU LOOB.
  2723 | D:4      | Reached XP level 5. HP: 32/32 MP: 5/5
  2816 | D:4      | Reached skill level 1 in Dodging
  2827 | D:4      | 2827 ||| Stepping ~*~*~tactically~*~*~ (stealth).
  2845 | D:4      | 2845 ||| Stepping ~*~*~tactically~*~*~ (stealth).
  2883 | D:4      | Found a sparkling altar of Nemelex Xobeh.
  3168 | D:4      | Reached skill level 5 in Axes
  3168 | D:4      | Reached XP level 6. HP: 37/37 MP: 6/6
  3323 | D:4      | Found a basalt altar of Yredelemnul.
  3323 | D:4      | Found a stormy altar of Qazlal.
  3331 | D:4      | Found a burning altar of Makhleb.
  3335 | D:4      | Found an ornate altar of the Wu Jian Council.
  3337 | D:4      | Found a bloodstained altar of Trog.
  3344 | D:4      | 3344 ||| READING 2 scrolls labelled XOTTAZX LITOMU.
  3347 | D:4      | 3347 ||| READING scroll labelled GAL WIBROT.
  3348 | D:4      | 3348 ||| DRINKING 2 sedimented white potions.
  3362 | D:5      | Entered Level 5 of the Dungeon
  3468 | D:5      | 3468 ||| FLEEEEING.
  3469 | D:5      | 3469 ||| FLEEEEING.
  3470 | D:5      | 3470 ||| FLEEEEING.
  3471 | D:5      | 3471 ||| FLEEEEING.
  3472 | D:5      | 3472 ||| FLEEEEING.
  3473 | D:5      | 3473 ||| FLEEEEING.
  3474 | D:5      | 3474 ||| FLEEEEING.
  3475 | D:5      | 3475 ||| FLEEEEING.
  3476 | D:5      | 3476 ||| FLEEEEING.
  3477 | D:5      | 3477 ||| FLEEEEING.
  3478 | D:5      | 3478 ||| FLEEEEING.
  3479 | D:5      | 3479 ||| FLEEEEING.
  3531 | D:5      | Found an iron altar of Okawaru.
  3532 | D:5      | 3532 ||| PLANNING OKAWARU WORSHIP
  3532 | D:5      | 3532 ||| DRINKING 2 fizzy blue potions.
  3533 | D:5      | 3533 ||| DROPPING potion of degeneration.
  3534 | D:5      | 3534 ||| READING scroll of teleportation.
  3585 | D:5      | 3585 ||| Stepping randomly (stuck).
  3586 | D:5      | 3586 ||| Stepping randomly (stuck).
  3587 | D:5      | 3587 ||| Stepping randomly (stuck).
  3588 | D:5      | 3588 ||| Stepping randomly (stuck).
  3589 | D:5      | 3589 ||| Stepping randomly (stuck).
  3590 | D:5      | 3590 ||| Stepping randomly (stuck).
  3592 | D:5      | 3592 ||| Stepping randomly (stuck).
  3593 | D:5      | 3593 ||| Stepping randomly (stuck).
  3594 | D:5      | 3594 ||| Stepping randomly (stuck).
  3595 | D:5      | 3595 ||| Stepping randomly (stuck).
  3596 | D:5      | 3596 ||| Stepping randomly (stuck).
  3597 | D:5      | 3597 ||| Stepping randomly (stuck).
  3598 | D:5      | 3598 ||| Stepping randomly (stuck).
  3599 | D:5      | 3599 ||| Stepping randomly (stuck).
  3600 | D:5      | 3600 ||| Stepping randomly (stuck).
  3601 | D:5      | 3601 ||| Stepping randomly (stuck).
  3602 | D:5      | 3602 ||| Stepping randomly (stuck).
  3603 | D:5      | 3603 ||| Stepping randomly (stuck).
  3604 | D:5      | 3604 ||| Stepping randomly (stuck).
  3605 | D:5      | 3605 ||| Stepping randomly (stuck).
  3606 | D:5      | 3606 ||| Stepping randomly (stuck).
  3607 | D:5      | 3607 ||| Stepping randomly (stuck).
  3608 | D:5      | 3608 ||| Stepping randomly (stuck).
  3609 | D:5      | 3609 ||| Stepping randomly (stuck).
  3610 | D:5      | 3610 ||| Stepping randomly (stuck).
  3611 | D:5      | 3611 ||| Stepping randomly (stuck).
  3612 | D:5      | 3612 ||| Stepping randomly (stuck).
  3613 | D:5      | 3613 ||| Stepping randomly (stuck).
  3614 | D:5      | 3614 ||| Stepping randomly (stuck).
  3615 | D:5      | 3615 ||| Stepping randomly (stuck).
  3616 | D:5      | 3616 ||| Stepping randomly (stuck).
  3617 | D:5      | 3617 ||| Stepping randomly (stuck).
  3618 | D:5      | 3618 ||| Stepping randomly (stuck).
  3619 | D:5      | 3619 ||| Stepping randomly (stuck).
  3620 | D:5      | 3620 ||| Stepping randomly (stuck).
  3621 | D:5      | 3621 ||| Stepping randomly (stuck).
  3622 | D:5      | 3622 ||| Stepping randomly (stuck).
  3623 | D:5      | 3623 ||| Stepping randomly (stuck).
  3623 | D:5      | Found a glowing silver altar of Zin.
  3624 | D:5      | 3624 ||| Stepping randomly (stuck).
  3625 | D:5      | 3625 ||| Stepping randomly (stuck).
  3637 | D:5      | 3637 ||| Stepping randomly (stuck).
  3638 | D:5      | 3638 ||| Stepping randomly (stuck).
  3639 | D:5      | 3639 ||| Stepping randomly (stuck).
  3640 | D:5      | 3640 ||| Stepping randomly (stuck).
  3641 | D:5      | 3641 ||| Stepping randomly (stuck).
  3642 | D:5      | 3642 ||| Stepping randomly (stuck).
  3643 | D:5      | 3643 ||| Stepping randomly (stuck).
  3644 | D:5      | 3644 ||| Stepping randomly (stuck).
  3645 | D:5      | 3645 ||| Stepping randomly (stuck).
  3646 | D:5      | 3646 ||| Stepping randomly (stuck).
  3647 | D:5      | 3647 ||| Stepping randomly (stuck).
  3648 | D:5      | 3648 ||| Stepping randomly (stuck).
  3649 | D:5      | 3649 ||| Stepping randomly (stuck).
  3650 | D:5      | 3650 ||| Stepping randomly (stuck).
  3651 | D:5      | 3651 ||| Stepping randomly (stuck).
  3652 | D:5      | 3652 ||| Stepping randomly (stuck).
  3653 | D:5      | 3653 ||| Stepping randomly (stuck).
  3654 | D:5      | 3654 ||| Stepping randomly (stuck).
  3655 | D:5      | 3655 ||| Stepping randomly (stuck).
  3656 | D:5      | 3656 ||| Stepping randomly (stuck).
  3657 | D:5      | 3657 ||| Stepping randomly (stuck).
  3658 | D:5      | 3658 ||| Stepping randomly (stuck).
  3659 | D:5      | 3659 ||| Stepping randomly (stuck).
  3660 | D:5      | 3660 ||| Stepping randomly (stuck).
  3661 | D:5      | 3661 ||| Stepping randomly (stuck).
  3662 | D:5      | 3662 ||| Stepping randomly (stuck).
  3663 | D:5      | 3663 ||| Stepping randomly (stuck).
  3664 | D:5      | 3664 ||| Stepping randomly (stuck).
  3665 | D:5      | 3665 ||| Stepping randomly (stuck).
  3666 | D:5      | 3666 ||| Stepping randomly (stuck).
  3667 | D:5      | 3667 ||| Stepping randomly (stuck).
  3668 | D:5      | 3668 ||| Stepping randomly (stuck).
  3669 | D:5      | 3669 ||| Stepping randomly (stuck).
  3670 | D:5      | 3670 ||| Stepping randomly (stuck).
  3671 | D:5      | 3671 ||| Stepping randomly (stuck).
  3672 | D:5      | 3672 ||| Stepping randomly (stuck).
  3673 | D:5      | 3673 ||| Stepping randomly (stuck).
  3674 | D:5      | 3674 ||| Stepping randomly (stuck).
  3675 | D:5      | 3675 ||| Stepping randomly (stuck).
  3676 | D:5      | 3676 ||| Stepping randomly (stuck).
  3677 | D:5      | 3677 ||| Stepping randomly (stuck).
  3678 | D:5      | 3678 ||| Stepping randomly (stuck).
  3679 | D:5      | 3679 ||| Stepping randomly (stuck).
  3680 | D:5      | 3680 ||| Stepping randomly (stuck).
  3681 | D:5      | 3681 ||| Stepping randomly (stuck).
  3682 | D:5      | 3682 ||| Stepping randomly (stuck).
  3683 | D:5      | 3683 ||| Stepping randomly (stuck).
  3684 | D:5      | 3684 ||| Stepping randomly (stuck).
  3685 | D:5      | 3685 ||| Stepping randomly (stuck).
  3686 | D:5      | 3686 ||| Stepping randomly (stuck).
  3687 | D:5      | 3687 ||| Stepping randomly (stuck).
  3688 | D:5      | 3688 ||| Stepping randomly (stuck).
  3689 | D:5      | 3689 ||| Stepping randomly (stuck).
  3690 | D:5      | 3690 ||| Stepping randomly (stuck).
  3691 | D:5      | 3691 ||| Stepping randomly (stuck).
  3692 | D:5      | 3692 ||| Stepping randomly (stuck).
  3693 | D:5      | 3693 ||| Stepping randomly (stuck).
  3694 | D:5      | 3694 ||| Stepping randomly (stuck).
  3695 | D:5      | 3695 ||| Stepping randomly (stuck).
  3696 | D:5      | 3696 ||| Stepping randomly (stuck).
  3697 | D:5      | 3697 ||| Stepping randomly (stuck).
  3698 | D:5      | 3698 ||| Stepping randomly (stuck).
  3699 | D:5      | 3699 ||| Stepping randomly (stuck).
  3700 | D:5      | 3700 ||| Stepping randomly (stuck).
  3701 | D:5      | 3701 ||| Stepping randomly (stuck).
  3702 | D:5      | 3702 ||| Stepping randomly (stuck).
  3703 | D:5      | 3703 ||| Stepping randomly (stuck).
  3704 | D:5      | 3704 ||| Stepping randomly (stuck).
  3705 | D:5      | 3705 ||| Stepping randomly (stuck).
  3706 | D:5      | 3706 ||| Stepping randomly (stuck).
  3707 | D:5      | 3707 ||| Stepping randomly (stuck).
  3708 | D:5      | 3708 ||| Stepping randomly (stuck).
  3709 | D:5      | 3709 ||| Stepping randomly (stuck).
  3710 | D:5      | 3710 ||| Stepping randomly (stuck).
  3711 | D:5      | 3711 ||| Stepping randomly (stuck).
  3712 | D:5      | 3712 ||| Stepping randomly (stuck).
  3713 | D:5      | 3713 ||| Stepping randomly (stuck).
  3714 | D:5      | 3714 ||| Stepping randomly (stuck).
  3715 | D:5      | 3715 ||| Stepping randomly (stuck).
  3716 | D:5      | 3716 ||| Stepping randomly (stuck).
  3717 | D:5      | 3717 ||| Stepping randomly (stuck).
  3718 | D:5      | 3718 ||| Stepping randomly (stuck).
  3719 | D:5      | 3719 ||| Stepping randomly (stuck).
  3720 | D:5      | 3720 ||| Stepping randomly (stuck).
  3721 | D:5      | 3721 ||| Stepping randomly (stuck).
  3722 | D:5      | 3722 ||| Stepping randomly (stuck).
  3723 | D:5      | 3723 ||| Stepping randomly (stuck).
  3724 | D:5      | 3724 ||| Stepping randomly (stuck).
  3725 | D:5      | 3725 ||| Stepping randomly (stuck).
  3726 | D:5      | 3726 ||| Stepping randomly (stuck).
  3727 | D:5      | 3727 ||| Stepping randomly (stuck).
  3728 | D:5      | 3728 ||| Stepping randomly (stuck).
  3729 | D:5      | 3729 ||| Stepping randomly (stuck).
  3730 | D:5      | 3730 ||| Stepping randomly (stuck).
  3731 | D:5      | 3731 ||| Stepping randomly (stuck).
  3732 | D:5      | 3732 ||| Stepping randomly (stuck).
  3733 | D:5      | 3733 ||| Stepping randomly (stuck).
  3734 | D:5      | 3734 ||| Stepping randomly (stuck).
  3735 | D:5      | 3735 ||| Stepping randomly (stuck).
  3736 | D:5      | 3736 ||| Stepping randomly (stuck).
  3737 | D:5      | 3737 ||| Stepping randomly (stuck).
  3738 | D:5      | 3738 ||| Stepping randomly (stuck).
  3739 | D:5      | 3739 ||| Stepping randomly (stuck).
  3740 | D:5      | 3740 ||| Stepping randomly (stuck).
  3741 | D:5      | 3741 ||| Stepping randomly (stuck).
  3742 | D:5      | 3742 ||| Stepping randomly (stuck).
  3743 | D:5      | 3743 ||| Stepping randomly (stuck).
  3744 | D:5      | 3744 ||| Stepping randomly (stuck).
  3745 | D:5      | 3745 ||| Stepping randomly (stuck).
  3746 | D:5      | 3746 ||| Stepping randomly (stuck).
  3747 | D:5      | 3747 ||| Stepping randomly (stuck).
  3748 | D:5      | 3748 ||| Stepping randomly (stuck).
  3749 | D:5      | 3749 ||| Stepping randomly (stuck).
  3750 | D:5      | 3750 ||| Stepping randomly (stuck).
  3751 | D:5      | 3751 ||| Stepping randomly (stuck).
  3752 | D:5      | 3752 ||| Stepping randomly (stuck).
  3753 | D:5      | 3753 ||| Stepping randomly (stuck).
  3754 | D:5      | 3754 ||| Stepping randomly (stuck).
  3755 | D:5      | 3755 ||| Stepping randomly (stuck).
  3756 | D:5      | 3756 ||| Stepping randomly (stuck).
  3757 | D:5      | 3757 ||| Stepping randomly (stuck).
  3758 | D:5      | 3758 ||| Stepping randomly (stuck).
  3759 | D:5      | 3759 ||| Stepping randomly (stuck).
  3760 | D:5      | 3760 ||| Stepping randomly (stuck).
  3761 | D:5      | 3761 ||| Stepping randomly (stuck).
  3762 | D:5      | 3762 ||| Stepping randomly (stuck).
  3763 | D:5      | 3763 ||| Stepping randomly (stuck).
  3764 | D:5      | 3764 ||| Stepping randomly (stuck).
  3765 | D:5      | 3765 ||| Stepping randomly (stuck).
  3766 | D:5      | 3766 ||| Stepping randomly (stuck).
  3767 | D:5      | 3767 ||| Stepping randomly (stuck).
  3768 | D:5      | 3768 ||| Stepping randomly (stuck).
  3769 | D:5      | 3769 ||| Stepping randomly (stuck).
  3770 | D:5      | 3770 ||| Stepping randomly (stuck).
  3771 | D:5      | 3771 ||| Stepping randomly (stuck).
  3772 | D:5      | 3772 ||| Stepping randomly (stuck).
  3773 | D:5      | 3773 ||| Stepping randomly (stuck).
  3774 | D:5      | 3774 ||| Stepping randomly (stuck).
  3775 | D:5      | 3775 ||| Stepping randomly (stuck).
  3776 | D:5      | 3776 ||| Stepping randomly (stuck).
  3777 | D:5      | 3777 ||| Stepping randomly (stuck).
  3778 | D:5      | 3778 ||| Stepping randomly (stuck).
  3779 | D:5      | 3779 ||| Stepping randomly (stuck).
  3780 | D:5      | 3780 ||| Stepping randomly (stuck).
  3781 | D:5      | 3781 ||| Stepping randomly (stuck).
  3782 | D:5      | 3782 ||| Stepping randomly (stuck).
  3783 | D:5      | 3783 ||| Stepping randomly (stuck).
  3784 | D:5      | 3784 ||| Stepping randomly (stuck).
  3785 | D:5      | 3785 ||| Stepping randomly (stuck).
  3786 | D:5      | 3786 ||| Stepping randomly (stuck).
  3787 | D:5      | 3787 ||| Stepping randomly (stuck).
  3788 | D:5      | 3788 ||| Stepping randomly (stuck).
  3789 | D:5      | 3789 ||| Stepping randomly (stuck).
  3790 | D:5      | 3790 ||| Stepping randomly (stuck).
  3791 | D:5      | 3791 ||| Stepping randomly (stuck).
  3792 | D:5      | 3792 ||| Stepping randomly (stuck).
  3793 | D:5      | 3793 ||| Stepping randomly (stuck).
  3794 | D:5      | 3794 ||| Stepping randomly (stuck).
  3795 | D:5      | 3795 ||| Stepping randomly (stuck).
  3796 | D:5      | 3796 ||| Stepping randomly (stuck).
  3797 | D:5      | 3797 ||| Stepping randomly (stuck).
  3798 | D:5      | 3798 ||| Stepping randomly (stuck).
  3799 | D:5      | 3799 ||| Stepping randomly (stuck).
  3800 | D:5      | 3800 ||| Stepping randomly (stuck).
  3801 | D:5      | 3801 ||| Stepping randomly (stuck).
  3802 | D:5      | 3802 ||| Stepping randomly (stuck).
  3803 | D:5      | 3803 ||| Stepping randomly (stuck).
  3804 | D:5      | 3804 ||| Stepping randomly (stuck).
  3805 | D:5      | 3805 ||| Stepping randomly (stuck).
  3806 | D:5      | 3806 ||| Stepping randomly (stuck).
  3807 | D:5      | 3807 ||| Stepping randomly (stuck).
  3808 | D:5      | 3808 ||| Stepping randomly (stuck).
  3809 | D:5      | 3809 ||| Stepping randomly (stuck).
  3810 | D:5      | 3810 ||| Stepping randomly (stuck).
  3811 | D:5      | 3811 ||| Stepping randomly (stuck).
  3812 | D:5      | 3812 ||| Stepping randomly (stuck).
  3813 | D:5      | 3813 ||| Stepping randomly (stuck).
  3814 | D:5      | 3814 ||| Stepping randomly (stuck).
  3815 | D:5      | 3815 ||| Stepping randomly (stuck).
  3816 | D:5      | 3816 ||| Stepping randomly (stuck).
  3817 | D:5      | 3817 ||| Stepping randomly (stuck).
  3818 | D:5      | 3818 ||| Stepping randomly (stuck).
  3819 | D:5      | 3819 ||| Stepping randomly (stuck).
  3820 | D:5      | 3820 ||| Stepping randomly (stuck).
  3821 | D:5      | 3821 ||| Stepping randomly (stuck).
  3822 | D:5      | 3822 ||| Stepping randomly (stuck).
  3823 | D:5      | 3823 ||| Stepping randomly (stuck).
  3824 | D:5      | 3824 ||| Stepping randomly (stuck).
  3825 | D:5      | 3825 ||| Stepping randomly (stuck).
  3826 | D:5      | 3826 ||| Stepping randomly (stuck).
  3827 | D:5      | 3827 ||| Stepping randomly (stuck).
  3828 | D:5      | 3828 ||| Stepping randomly (stuck).
  3829 | D:5      | 3829 ||| Stepping randomly (stuck).
  3830 | D:5      | 3830 ||| Stepping randomly (stuck).
  3831 | D:5      | 3831 ||| Stepping randomly (stuck).
  3832 | D:5      | 3832 ||| Stepping randomly (stuck).
  3833 | D:5      | 3833 ||| Stepping randomly (stuck).
  3834 | D:5      | 3834 ||| Stepping randomly (stuck).
  3835 | D:5      | 3835 ||| Stepping randomly (stuck).
  3836 | D:5      | 3836 ||| Stepping randomly (stuck).
  3837 | D:5      | 3837 ||| Stepping randomly (stuck).
  3838 | D:5      | 3838 ||| Stepping randomly (stuck).
  3839 | D:5      | 3839 ||| Stepping randomly (stuck).
  3840 | D:5      | 3840 ||| Stepping randomly (stuck).
  3841 | D:5      | 3841 ||| Stepping randomly (stuck).
  3842 | D:5      | 3842 ||| Stepping randomly (stuck).
  3843 | D:5      | 3843 ||| Stepping randomly (stuck).
  3844 | D:5      | 3844 ||| Stepping randomly (stuck).
  3845 | D:5      | 3845 ||| Stepping randomly (stuck).
  3846 | D:5      | 3846 ||| Stepping randomly (stuck).
  3847 | D:5      | 3847 ||| Stepping randomly (stuck).
  3848 | D:5      | 3848 ||| Stepping randomly (stuck).
  3849 | D:5      | 3849 ||| Stepping randomly (stuck).
  3850 | D:5      | 3850 ||| Stepping randomly (stuck).
  3851 | D:5      | 3851 ||| Stepping randomly (stuck).
  3852 | D:5      | 3852 ||| Stepping randomly (stuck).
  3853 | D:5      | 3853 ||| Stepping randomly (stuck).
  3854 | D:5      | 3854 ||| Stepping randomly (stuck).
  3855 | D:5      | 3855 ||| Stepping randomly (stuck).
  3856 | D:5      | 3856 ||| Stepping randomly (stuck).
  3857 | D:5      | 3857 ||| Stepping randomly (stuck).
  3858 | D:5      | 3858 ||| Stepping randomly (stuck).
  3859 | D:5      | 3859 ||| Stepping randomly (stuck).
  3860 | D:5      | 3860 ||| Stepping randomly (stuck).
  3861 | D:5      | 3861 ||| Stepping randomly (stuck).
  3862 | D:5      | 3862 ||| Stepping randomly (stuck).
  3863 | D:5      | 3863 ||| Stepping randomly (stuck).
  3864 | D:5      | 3864 ||| Stepping randomly (stuck).
  3865 | D:5      | 3865 ||| Stepping randomly (stuck).
  3866 | D:5      | 3866 ||| Stepping randomly (stuck).
  3867 | D:5      | 3867 ||| Stepping randomly (stuck).
  3868 | D:5      | 3868 ||| Stepping randomly (stuck).
  3869 | D:5      | 3869 ||| Stepping randomly (stuck).
  3870 | D:5      | 3870 ||| Stepping randomly (stuck).
  3871 | D:5      | 3871 ||| Stepping randomly (stuck).
  3872 | D:5      | 3872 ||| Stepping randomly (stuck).
  3873 | D:5      | 3873 ||| Stepping randomly (stuck).
  3874 | D:5      | 3874 ||| Stepping randomly (stuck).
  3875 | D:5      | 3875 ||| Stepping randomly (stuck).
  3876 | D:5      | 3876 ||| Stepping randomly (stuck).
  3877 | D:5      | 3877 ||| Stepping randomly (stuck).
  3878 | D:5      | 3878 ||| Stepping randomly (stuck).
  3879 | D:5      | 3879 ||| Stepping randomly (stuck).
  3880 | D:5      | 3880 ||| Stepping randomly (stuck).
  3881 | D:5      | 3881 ||| Stepping randomly (stuck).
  3882 | D:5      | 3882 ||| Stepping randomly (stuck).
  3883 | D:5      | 3883 ||| Stepping randomly (stuck).
  3884 | D:5      | 3884 ||| Stepping randomly (stuck).
  3885 | D:5      | 3885 ||| Stepping randomly (stuck).
  3886 | D:5      | 3886 ||| Stepping randomly (stuck).
  3887 | D:5      | 3887 ||| Stepping randomly (stuck).
  3888 | D:5      | 3888 ||| Stepping randomly (stuck).
  3889 | D:5      | 3889 ||| Stepping randomly (stuck).
  3890 | D:5      | 3890 ||| Stepping randomly (stuck).
  3891 | D:5      | 3891 ||| Stepping randomly (stuck).
  3892 | D:5      | 3892 ||| Stepping randomly (stuck).
  3893 | D:5      | 3893 ||| Stepping randomly (stuck).
  3894 | D:5      | 3894 ||| Stepping randomly (stuck).
  3895 | D:5      | 3895 ||| Stepping randomly (stuck).
  3896 | D:5      | 3896 ||| Stepping randomly (stuck).
  3897 | D:5      | 3897 ||| Stepping randomly (stuck).
  3898 | D:5      | 3898 ||| Stepping randomly (stuck).
  3899 | D:5      | 3899 ||| Stepping randomly (stuck).
  3900 | D:5      | 3900 ||| Stepping randomly (stuck).
  3901 | D:5      | 3901 ||| FLEEEEING.
  3902 | D:5      | 3902 ||| FLEEEEING.
  3903 | D:5      | 3903 ||| FLEEEEING.
  3904 | D:5      | 3904 ||| FLEEEEING.
  3905 | D:5      | 3905 ||| FLEEEEING.
  3906 | D:5      | 3906 ||| FLEEEEING.
  3907 | D:5      | 3907 ||| FLEEEEING.
  3933 | D:5      | Reached XP level 7. HP: 44/44 MP: 7/7
  3939 | D:5      | Became a worshipper of Warmaster Okawaru
  3940 | D:5      | 3940 ||| PLANNING D:1-11
  4009 | D:5      | Reached skill level 6 in Axes
  4144 | D:5      | 4144 ||| Stepping ~*~*~tactically~*~*~ (stealth).
  4466 | D:5      | Reached * piety under Okawaru
  4467 | D:5      | Reached skill level 7 in Axes
  4586 | D:5      | 4586 ||| Stepping ~*~*~tactically~*~*~ (hiding).
  4764 | D:5      | Reached skill level 1 in Invocations
  4764 | D:5      | Reached XP level 8. HP: 48/48 MP: 7/9
  4871 | D:5      | 4871 ||| UPGRADING to +0 pair of boots.
  4876 | D:5      | 4876 ||| UPGRADING to +0 chain mail.
  4886 | D:5      | 4886 ||| DROPPING +0 scale mail.
  4887 | D:5      | 4887 ||| READING scroll labelled QYGIUT GEAGGUC.
  4888 | D:5      | 4888 ||| READING scroll labelled GUNKURR ACWYTI.
  4929 | D:6      | 4929 ||| INVOKING Heroism.
  5070 | D:6      | Reached skill level 1 in Throwing
  5104 | D:6      | Found a staircase to the Ecumenical Temple.
  5106 | D:6      | 5106 ||| Stepping ~*~*~tactically~*~*~ (stealth).
  5117 | D:6      | 5117 ||| INVOKING Heroism.
  5120 | D:6      | Reached skill level 3 in Invocations
  5317 | D:6      | Noticed Prince Ribbit
  5318 | D:6      | 5318 ||| Stepping ~*~*~tactically~*~*~ (stealth).
  5319 | D:6      | 5319 ||| INVOKING Heroism.
  5332 | D:6      | Killed Prince Ribbit
  5431 | D:6      | Found a hide-covered altar of Uskayaw.
  5431 | D:6      | Noticed a +0 dagger
  5432 | D:6      | Noticed a +0 hand axe
  5441 | D:6      | 5441 ||| READING scroll labelled ZOGOELE NICZA.
  5442 | D:6      | 5442 ||| READING 2 scrolls of identify.
  5442 | D:6      | 5442 ||| IDENTIFYING lumpy white potion
  5443 | D:6      | 5443 ||| DROPPING potion of brilliance.
  5444 | D:6      | 5444 ||| Stepping randomly (stuck).
  5445 | D:6      | 5445 ||| Stepping randomly (stuck).
  5454 | D:6      | 5454 ||| INVOKING Heroism.
  5841 | D:6      | 5841 ||| DROPPING amulet of magic regeneration.
  5842 | D:6      | 5842 ||| DRINKING 2 grey potions.
  5935 | D:7      | Reached ** piety under Okawaru
  5936 | D:7      | Reached skill level 8 in Axes
  6060 | D:7      | Reached XP level 9. HP: 50/55 MP: 12/12
  6102 | D:7      | Noticed a hornet
  6103 | D:7      | 6103 ||| Stepping ~*~*~tactically~*~*~ (stealth).
  6105 | D:7      | 6105 ||| Stepping ~*~*~tactically~*~*~ (stealth).
  6116 | D:7      | 6116 ||| INVOKING Heroism.
  6119 | D:7      | Killed a hornet
  6120 | D:7      | Reached skill level 6 in Fighting
  6665 | D:7      | 6665 ||| INVOKING Heroism.
  6877 | D:7      | 6877 ||| READING 3 scrolls labelled NUSTYEHY FAKIANG.
  6878 | D:7      | 6878 ||| READING 2 scrolls of enchant weapon.
  6878 | D:7      | 6878 ||| ENCHANTING +1 war axe.
  6879 | D:7      | 6879 ||| READING scroll of enchant weapon.
  6879 | D:7      | 6879 ||| ENCHANTING +2 war axe.
  6880 | D:7      | 6880 ||| DRINKING 2 green potions.
  6902 | D:8      | 6902 ||| STAIRDANCE
  6948 | D:8      | 6948 ||| INVOKING Heroism.
  6984 | D:8      | Noticed a two-headed ogre
  6985 | D:8      | 6985 ||| STAIRDANCE
  7073 | D:8      | 7073 ||| INVOKING Heroism.
  7080 | D:8      | Killed a two-headed ogre
  7080 | D:8      | Reached *** piety under Okawaru
  7081 | D:8      | Reached skill level 9 in Axes
  7081 | D:8      | 7081 ||| STAIRDANCE
  7247 | D:8      | 7247 ||| DROPPING +0 flail.
  7249 | D:8      | 7249 ||| Stepping ~*~*~tactically~*~*~ (stealth).
  7251 | D:8      | 7251 ||| Stepping ~*~*~tactically~*~*~ (stealth).
  7255 | D:8      | 7255 ||| INVOKING Heroism.
  7271 | D:8      | 7271 ||| Stepping ~*~*~tactically~*~*~ (stealth).
  7272 | D:8      | 7272 ||| STAIRDANCE
  7368 | D:8      | 7368 ||| STAIRDANCE
  7375 | D:8      | 7375 ||| STAIRDANCE
  7405 | D:8      | 7405 ||| STAIRDANCE
  7414 | D:8      | Reached **** piety under Okawaru
  7415 | D:8      | Reached skill level 10 in Axes
  7415 | D:8      | Reached XP level 10. HP: 61/63 MP: 13/13
  7507 | D:8      | 7507 ||| INVOKING Heroism.
  7531 | D:8      | Reached skill level 6 in Invocations
  7726 | D:8      | Found a shadowy altar of Dithmenos.
  7807 | D:8      | Noticed a centaur warrior
  7808 | D:8      | 7808 ||| Stepping ~*~*~tactically~*~*~ (hiding).
  7809 | D:8      | 7809 ||| Stepping ~*~*~tactically~*~*~ (hiding).
  7822 | D:8      | Killed a centaur warrior
  7822 | D:8      | Reached ***** piety under Okawaru
  7934 | D:8      | Noticed a two-headed ogre
  7935 | D:8      | 7935 ||| Stepping ~*~*~tactically~*~*~ (stealth).
  7945 | D:8      | 7945 ||| INVOKING Heroism.
  7946 | D:8      | 7946 ||| Stepping ~*~*~tactically~*~*~ (stealth).
  7951 | D:8      | Killed a two-headed ogre
  7962 | D:8      | 7962 ||| Stepping ~*~*~tactically~*~*~ (stealth).
  7976 | D:8      | 7976 ||| Stepping ~*~*~tactically~*~*~ (stealth).
  7977 | D:8      | 7977 ||| Stepping ~*~*~tactically~*~*~ (stealth).
  7979 | D:8      | Noticed a green ugly thing
  7988 | D:8      | Killed a green ugly thing
  7988 | D:8      | Identified the +1 chain mail of Keaviq {Rampage rF- Str+2}
                  | (Okawaru gifted it to you on level 8 of the Dungeon)
  7988 | D:8      | Received a gift from Okawaru
  7993 | D:8      | Reached XP level 11. HP: 50/68 MP: 15/17
  7995 | D:8      | 7995 ||| INVOKING Heroism.
  8173 | D:8      | 8173 ||| DROPPING +2 flail.
  8329 | D:8      | 8329 ||| READING scroll labelled SICAR CENUGAOM.
  8330 | D:8      | 8330 ||| READING 2 scrolls of identify.
  8330 | D:8      | 8330 ||| IDENTIFYING glowing emerald potion
  8374 | D:9      | 8374 ||| INVOKING Heroism.
  8452 | D:9      | 8452 ||| INVOKING Heroism.
  8697 | D:9      | 8697 ||| INVOKING Heroism.
  8718 | D:9      | Reached skill level 11 in Axes
  8730 | D:9      | Reached skill level 9 in Invocations
  8861 | D:9      | Found Kilel's Distillery.
  8880 | D:9      | 8880 ||| BUYING potion of attraction (48 gold).
  8880 | D:9      | Bought a potion of attraction for 48 gold pieces
  8880 | D:9      | 8880 ||| BUYING potion of attraction (48 gold).
  8880 | D:9      | Bought a potion of attraction for 48 gold pieces
  8880 | D:9      | 8880 ||| BUYING potion of curing (48 gold).
  8880 | D:9      | Bought a potion of curing for 48 gold pieces
  8880 | D:9      | 8880 ||| BUYING potion of might (64 gold).
  8880 | D:9      | Bought a potion of might for 64 gold pieces
  8880 | D:9      | 8880 ||| BUYING potion of mutation (128 gold).
  8880 | D:9      | Bought a potion of mutation for 128 gold pieces
  8880 | D:9      | 8880 ||| SHOPLISTING potion of resistance (160 gold, have
                  | 76).
  9190 | D:9      | 9190 ||| Stepping ~*~*~tactically~*~*~ (stealth).
  9191 | D:9      | 9191 ||| Stepping ~*~*~tactically~*~*~ (stealth).
  9229 | D:9      | 9229 ||| Stepping ~*~*~tactically~*~*~ (stealth).
  9407 | D:9      | 9407 ||| Stepping ~*~*~tactically~*~*~ (stealth).
  9409 | D:9      | 9409 ||| Stepping ~*~*~tactically~*~*~ (hiding).
  9416 | D:9      | 9416 ||| INVOKING Heroism.
  9422 | D:9      | Reached skill level 3 in Dodging
  9515 | D:9      | Noticed a cyclops
  9516 | D:9      | 9516 ||| INVOKING Heroism.
  9521 | D:9      | Killed a cyclops
  9541 | D:9      | Noticed a manticore
  9545 | D:9      | Killed a manticore
  9567 | D:9      | Noticed a six-headed hydra
  9568 | D:9      | 9568 ||| SWAPPING to +0 morningstar.
  9569 | D:9      | 9569 ||| INVOKING Finesse.
  9572 | D:9      | HP: 16/69 [six-headed hydra (5)]
  9572 | D:9      | HP: 7/69 [six-headed hydra (9)]
  9573 | D:9      | 9573 ||| READING 2 scrolls of teleportation.
  9573 | D:9      | HP: 1/69 [six-headed hydra (6)]
  9574 | D:9      | 9574 ||| INVOKING Heroism.
  9576 | D:9      | Mangled by a six-headed hydra

Levels and vault maps discovered:
D:1:      onia_arrival_pyramid, layout_basic, chequers_ecumenical_altar_lobes,
          chequers_serial_rivers_micro_a
D:2:      layout_basic, basic_altar, kennysheep_generic_room_13
D:3:      layout_basic, serial_shops, shop, minmay_unequal,
          uniq_crazy_yiuf_cottage
D:4:      layout_loops_cross, nemelex_spade_bored_becter,
          chequers_temple_overflow_minitemple, minmay_misc_feat_rugged,
          minmay_misc_feat_encased
D:5:      layout_basic, mainiacjoe_overflow_catwalk_spiral
D:6:      layout_loops_ring, dancing_weapons_uskayaw, minmay_temple_entry_mist,
          uniq_prince_ribbit1
D:7:      layout_basic, hangedman_abyss_or_decor_stabs
D:8:      layout_rooms, nicolae_dithmenos_through_a_glass_darkly,
          hangedman_minor_gate_pass
D:9:      layout_roguey, serial_shops, nicolae_stop_n_shop_2, interstate_on_off,
          hangedman_decor_riveting, minmay_pinched_square

Skill      XL: |  1  2  3  4  5  6  7  8  9 10 11 |
---------------+----------------------------------+-----
Axes           | 2 3 4 5 7 8 10 11 | 11.0
Dodging        | 1 2 3 |  3.0
Fighting       | 4 5 7 8 |  8.9
Invocations    | 1 4 8 10 | 10.0
Throwing       | 1 |  1.1
Armour         | 4 5 |  5.0
Shields        | 4 5 |  5.6

Action                   |  1- 3 |  4- 6 |  7- 9 | 10-12 || total
-------------------------+-------+-------+-------+-------++-------
Melee: War axe           |    96 |   132 |   202 |   222 ||   652
       Morningstar       |       |       |       |     5 ||     5
Throw: Boomerang         |       |    62 |    30 |    33 ||   125
Invok: Heroism           |       |       |     9 |     9 ||    18
       Finesse           |       |       |       |     1 ||     1
  Use: Scroll            |     1 |     7 |     7 |     3 ||    18
       Potion            |       |     2 |     2 |       ||     4
 Stab: Distracted        |       |       |       |     1 ||     1
Armor: Scale mail        |    49 |    77 |    22 |       ||   148
       Chain mail        |       |       |    72 |    83 ||   155
Dodge: Dodged            |    49 |    81 |    89 |    84 ||   303
Block: Buckler           |    19 |    27 |    36 |    61 ||   143

Table legend:
 A = Non-vault XP
 B = Vault XP
 C = Vault XP percentage of total XP
 D = Non-vault monster count
 E = Vault monster count
 F = Vault count percentage of total count
                 A         B        C        D         E       F
            +---------+---------+-------+---------+---------+-------
      Total |    8681 |    6297 |  42.0 |     168 |      27 |  13.8
            +---------+---------+-------+---------+---------+-------
        D:1 |      53 |       0 |   0.0 |      29 |       0 |   0.0
        D:2 |      46 |       3 |   6.1 |      14 |       2 |  12.5
        D:3 |      58 |       4 |   6.5 |      14 |       2 |  12.5
        D:4 |     190 |       0 |   0.0 |      16 |       0 |   0.0
        D:5 |     875 |       0 |   0.0 |      26 |       0 |   0.0
        D:6 |     508 |     274 |  35.0 |       9 |       1 |  10.0
        D:7 |    1099 |       0 |   0.0 |      16 |       0 |   0.0
        D:8 |    3709 |    2955 |  44.3 |      23 |       9 |  28.1
        D:9 |    2143 |    3061 |  58.8 |      21 |      13 |  38.2
            +---------+---------+-------+---------+---------+-------
